 Dungeon Crawl Stone Soup version 0.27.1-37-g7b29ead8ac (console) character file.

Game seed: 6922011382642389491

75313 grimtooth the Mender (level 15, -3/96 HPs)
             Began as a Kobold Hunter on Dec 10, 2023.
             Was a Priest of Elyvilon.
             Succumbed to a redback's poison
             ... on level 1 of the Spider Nest on Dec 11, 2023.
             The game lasted 03:29:40 (41837 turns).

grimtooth the Mender (Kobold Hunter)               Turns: 41837, Time: 03:29:41

Health: -3/96      AC:  5    Str: 18    XL:     15   Next: 97%
Magic:  13/24      EV: 21    Int: 16    God:    Elyvilon [***...]
Gold:   1685       SH:  0    Dex: 16    Spells: 15/20 levels left

rFire    . . .     SeeInvis +   a - +2 dagger (venom)
rCold    . . .     Faith    .   (shield restricted)
rNeg     . . .     Spirit   .   o - +0 troll leather armour
rPois    .         Reflect  .   v - +0 helmet
rElec    .         Harm     .   g - +0 cloak
rCorr    .         Rampage  .   w - +1 pair of gloves
Will     +....                  F - +0 pair of boots
Stlth    ++++++....             Q - amulet of magic regeneration
HPRegen  1.26/turn              z - ring of see invisible
MPRegen  0.44/turn              p - +6 ring of strength

@: lethally poisoned (-3 -> -26), corroded, studying Slings
A: small, no large weapons, nightstalker 3
a: Renounce Religion, Lesser Healing, Heal Other, Purification, Divine
Protection


You were on level 1 of the Spider Nest.
You worshipped Elyvilon.
Elyvilon was most pleased with you.
You visited 4 branches of the dungeon, and saw 22 of its levels.

You collected 2425 gold pieces.
You spent 740 gold pieces at shops.

Inventory:

Hand Weapons
 a - a +2 dagger of venom (weapon)
 b - a +6 fustibalus of flaming
 c - a +2 short sword of protection
 d - the +2 rapier of Muptecergh {freeze, rPois rN+ Int-5 Dex+3}
   (You found it on level 5 of the Dungeon)

   It freezes those it strikes, dealing additional cold damage.
   It can also slow down cold-blooded creatures.
   Int:       It affects your intelligence (-5).
   Dex:       It affects your dexterity (+3).
   rPois:     It protects you from poison.
   rN:        It protects you from negative energy.
Missiles
 k - 123 sling bullets
 A - 5 throwing nets {=f}
 E - 7 silver boomerangs
 J - 19 boomerangs
 P - 23 poisoned darts (quivered)
 R - 9 curare-tipped darts
Armour
 g - a +0 cloak (worn)
 o - a +0 troll leather armour (worn)
 v - a +0 helmet (worn)
 w - a +1 pair of gloves (worn)
 F - a +0 pair of boots (worn)
Magical Staves
 D - a staff of poison
 X - a staff of cold
Jewellery
 p - a +6 ring of strength (right hand)
 z - a ring of see invisible (left hand)
 K - a ring of willpower
 Q - an amulet of magic regeneration (around neck)
 S - a ring of willpower
 U - a ring of protection from fire
Wands
 f - a wand of mindburst (14)
 r - a wand of polymorph (9)
 t - a wand of paralysis (16)
 y - a wand of flame (53)
 B - a wand of charming (14)
 I - a wand of digging (15)
 M - a wand of acid (18)
Scrolls
 e - a scroll of magic mapping {unknown}
 h - a scroll of brand weapon {unknown}
 i - 5 scrolls of teleportation
 q - 3 scrolls of torment {unknown}
 s - 3 scrolls of enchant weapon {unknown}
 H - 2 scrolls of blinking {unknown}
 L - 3 scrolls of vulnerability
 T - a scroll of summoning {unknown}
 V - 2 scrolls of noise {unknown}
 Y - a scroll of fear
 Z - 5 scrolls of fog {unknown}
Potions
 j - 3 potions of flight
 l - 2 potions of curing
 m - 2 potions of brilliance
 n - 2 potions of berserk rage
 u - 2 potions of cancellation
 x - 7 potions of invisibility
 C - 2 potions of haste
 N - 2 potions of magic
 O - 2 potions of resistance
 W - 2 potions of might


   Skills:
 - Level 12.0 Fighting
 - Level 12.0 Short Blades
 + Level 6.4 Slings
 - Level 4.8 Crossbows
 - Level 12.0 Dodging
 - Level 12.0 Stealth
 - Level 3.0 Spellcasting
 - Level 12.0 Hexes
 - Level 6.0 Ice Magic
 + Level 12.8 Invocations
 + Level 5.3 Evocations


You had 15 spell levels left.
You knew the following spells:

 Your Spells              Type           Power      Damage    Failure   Level
b - Tukima's Dance        Hex            40%        N/A       1%          3
e - Ensorcelled Hibernat  Hex/Ice        62%        N/A       1%          2

Your spell library contained the following spells:

 Spells                   Type           Power      Damage    Failure   Level
 Corona                   Hex            44%        N/A       1%          1
 Dazzling Flash           Conj/Hex       42%        N/A       5%          3
 Inner Flame              Hex/Fire       21%        N/A       5%          3
 Portal Projectile        Hex/Tloc       42%        N/A       5%          3
 Leda's Liquefaction      Hex/Erth       10%        N/A       19%         4
 Beastly Appendage        Tmut           4%         N/A       22%         1
 Foxfire                  Conj/Fire      8%         2x1d4     22%         1
 Sublimation of Blood     Necr           1%         N/A       32%         2
 Wereblood                Tmut           2%         N/A       32%         2
 Silence                  Hex/Air        10%        N/A       45%         5
 Yara's Violent Unravell  Hex/Tmut       10%        3d6       45%         5
 Call Canine Familiar     Summ           2%         N/A       54%         3
 Conjure Flame            Conj/Fire      2%         6-21      54%         3
 Gell's Gravitas          Tloc           1%         N/A       54%         3
 Spider Form              Tmut/Pois      1%         N/A       54%         3
 Teleport Other           Tloc           2%         N/A       54%         3
 Passage of Golubria      Tloc           N/A        N/A       91%         4
 Freezing Cloud           Conj/Ice/Air   4%         6-21      95%         5
 Agony                    Necr           2%         N/A       99%         5
 Fireball                 Conj/Fire      1%         3d3       99%         5
 Dispersal                Tloc           1%         N/A       100%        6
 Simulacrum               Ice/Necr       6%         N/A       100%        6
 Starburst                Conj/Fire      1%         6d3       100%        6
 Summon Hydra             Summ           1%         N/A       100%        7
 Disjunction              Tloc           1%         N/A       100%        8
 Ignition                 Fire           1%         3d3       100%        8
 Lehudib's Crystal Spear  Conj/Erth      1%         10d2      100%        8
 Polar Vortex             Ice            10%        N/A       100%        9


Dungeon Overview and Level Annotations

Branches:
Dungeon (13/15)            Temple (0/1) D:4            Lair (6/6) D:9
  Swamp (0/4) Lair:2       Spider (1/4) Lair:2        Slime (0/5) Lair:5
    Orc (2/2) D:12            Elf (0/3) Orc:2        Vaults (0/5) D:13

Altars:
Ashenzari
Cheibriados
Elyvilon
Hepliaklqana
Kikubaaqudgha
Makhleb
Nemelex Xobeh
Okawaru
Qazlal
Ru
Trog
Uskayaw
Wu Jian
Zin
Beogh

Shops:
D:7 *   Orc:2 [*(!

Annotations:
D:7 exclusion: 3 slime creatures
D:11 1 runed translucent door, Gastronok; Jingleheimer's ghost, journeyman FoWr
Lair:1 3 runed translucent doors
Lair:3 exclusion: oklob plant


Innate Abilities, Weirdness & Mutations

You are small and have problems with some larger weapons.
You are completely attuned to the shadows.


Message History

The entropy weaver hits you.
* * * LOW HITPOINT WARNING * * *
Your magical effects are unravelling.
You feel magically purged.
You are no longer corroded.
The entropy weaver casts a spell at you.
The entropic weave corrodes you!
The redback bites you but does no damage.
Search for what [Enter for "scales", or ? for help]? corr
Aiming: Paralyse
Press: ? - help, Shift-Dir - straight line, f/p - entropy weaver
Aim: an entropy weaver (chance to affect: 27%)
Okay, then.
Unknown command.
Okay, then.
Okay, then.
Press: ? - help, Dir - move target, f/p - entropy weaver Heal: an entropy weaver (chance to pacify: 39%)
The light of Elyvilon fails to reach the entropy weaver.
The redback closely misses you. The entropy weaver barely misses you.
The entropy weaver completely misses you. x2
The entropy weaver hits you.
* * * LOW HITPOINT WARNING * * *
Press: ? - help, Dir - move target, f/p - entropy weaver Heal: an entropy weaver (chance to pacify: 39%)
The light of Elyvilon fails to reach the entropy weaver.
The redback closely misses you. The entropy weaver hits you!
* * * LOW HITPOINT WARNING * * *
The entropy weaver completely misses you. x2
The entropy weaver misses you. The redback bites you!
* * * LOW HITPOINT WARNING * * *
The redback bites you!
* * * LOW HITPOINT WARNING * * *
You are lethally poisoned!
The redback poisons you!
As you read the scroll of fear, it crumbles to dust.
You assume a fearsome visage.
The entropy weaver resists with some effort.
The redback looks frightened!
You die...

###### ##.#..######
#.#^#......#
#.........##
#........##
#.....#..##
#..#......##
#.........^##
#...@s#.....#
#...B.....###
#...<......##
##.#.#......## ####
######>#....####..##
##..#[..##....#
#...#.#......##
#...#.^....†###
#.#...........#
#).....##(....#
.!...............#


You could see an entropy weaver and a redback (fleeing).

Vanquished Creatures
  An ironbound preserver (D:13)
  4 boulder beetles
  4 hydras
  Harold (D:6)
  A death knight (D:13)
  A merfolk avatar (Lair:6)
  Urug (D:10)
  4 orc high priests (Orc:2)
  Nergalle (D:11)
  Sonja (Orc:1)
  3 skeletal warriors
  A swamp dragon (shapeshifter) (D:13)
  2 harpies (Lair:6)
  2 wolf spiders (Spider:1)
  A manticore (D:11)
  2 orb spiders (Spider:1)
  A deep elf pyromancer (D:12)
  2 orc sorcerers (Orc:2)
  22 elephants
  A moth of wrath (Spider:1)
  Maurice (Orc:1)
  3 black mambas
  Maggie (D:7)
  2 rime drakes (Lair:6)
  An unseen horror (D:13)
  A kobold demonologist (D:12)
  16 cane toads
  10 komodo dragons
  A tengu conjurer (D:13)
  4 jumping spiders
  3 hornets (Lair:6)
  2 wind drakes (Lair:6)
  6 trolls
  2 polar bears
  A wolf spider simulacrum (D:13)
  A slime creature (D:7)
  2 snapping turtles (Lair:6)
  15 blink frogs
  17 dream sheep
  A meliai zombie (D:11)
  5 redbacks
  A shadow (D:10)
  6 wyverns
  2 tarantellas (Spider:1)
  47 yaks
  2 wraiths
  A human (D:12)
  6 vampire mosquitoes
  4 basilisks
  2 steam dragons
  10 wargs
  An acid dragon (D:13)
  14 water moccasins
  A sky beast (D:7)
  9 orc warriors
  An ice beast (D:6)
  2 necrophages (D:6)
  2 black bears
  13 wolves
  9 centaurs
  8 ogres
  A phantom (D:5)
  2 kobold brigands
  16 bullfrogs
  3 gnoll sergeants
  3 scorpions
  A water moccasin skeleton (D:4)
  A killer bee (D:5)
  6 howler monkeys
  4 wights
  A centaur zombie (D:10)
  2 centaur skeletons
  4 gnoll shamans
  27 orc priests
  2 bullfrog skeletons
  An iguana (D:5)
  15 orc wizards
  A killer bee zombie (D:7)
  8 adders
  39 gnolls
  A shadow imp (D:7)
  A white imp (D:7)
  A dart slug (D:3)
  68 orcs
  4 ball pythons
  4 bats (D:1)
  4 endoplasms
  4 giant cockroaches
  6 goblins
  8 hobgoblins
  2 jackals (D:3)
  12 kobolds
  A quokka (D:3)
  4 frilled lizards
  2 rats
551 creatures vanquished.

Vanquished Creatures (collateral kills)
  A centaur warrior (D:13)
  A two-headed ogre (D:13)
  An orc high priest (Orc:2)
  A skeletal warrior (D:11)
  5 orc warriors
  2 centaurs (D:13)
  3 wights
  A bullfrog zombie (D:7)
  An orc priest (D:9)
  3 orc wizards
  A gnoll (D:8)
  8 orcs
28 creatures vanquished.

Vanquished Creatures (others)
  A centaur warrior (D:13)
  An orc high priest (Orc:2)
  An ugly thing (D:13)
  A black mamba (Lair:6)
  A komodo dragon (Lair:5)
  3 dream sheep (Lair:6)
  A wraith (D:13)
  18 dancing weapons
  An orc priest (Orc:2)
  An orc (Orc:1)
  5 bushes (Lair:6)
  54 fungi
  86 plants
174 creatures vanquished.

Grand Total: 753 creatures vanquished

Notes
Turn   | Place    | Note
-------+----------+-------------------------------------------
     0 | D:1      | grimtooth the Kobold Hunter began the quest for the Orb.
     0 | D:1      | Reached XP level 1. HP: 12/12 MP: 1/1
   208 | D:1      | Reached skill level 1 in Short Blades
   548 | D:1      | Reached XP level 2. HP: 18/18 MP: 2/2
  1365 | D:2      | Reached XP level 3. HP: 22/22 MP: 3/3
  2364 | D:2      | Reached XP level 4. HP: 28/28 MP: 4/4
  2529 | D:2      | Found a faded altar of an unknown god.
  3440 | D:3      | Found a white marble altar of Elyvilon.
  3680 | D:3      | Became a worshipper of Elyvilon the Healer
  3812 | D:4      | Noticed a scorpion
  3858 | D:4      | Found a staircase to the Ecumenical Temple.
  3890 | D:4      | Reached XP level 5. HP: 23/32 MP: 5/5
  4589 | D:4      | Reached skill level 5 in Short Blades
  5234 | D:5      | Entered Level 5 of the Dungeon
  5380 | D:5      | Reached XP level 6. HP: 35/38 MP: 6/6
  5429 | D:5      | Found a hide-covered altar of Uskayaw.
  5497 | D:5      | Reached * piety under Elyvilon
  5914 | D:5      | Identified the +2 rapier of Muptecergh {freeze, rPois rN+
                  | Int-5 Dex+3}
  5932 | D:5      | Found a glowing silver altar of Zin.
  5933 | D:5      | Found an iron altar of Okawaru.
  5933 | D:5      | Found a hazy altar of Hepliaklqana.
  6126 | D:5      | Found a sparkling altar of Nemelex Xobeh.
  6126 | D:5      | Noticed an ogre
  6157 | D:5      | Killed an ogre
  6436 | D:5      | Learned a level 3 spell: Tukima's Dance
  6454 | D:5      | Reached XP level 7. HP: 23/43 MP: 7/7
  6935 | D:6      | Found a sacrificial altar of Ru.
  7169 | D:6      | Noticed an eight-headed hydra
  7623 | D:6      | Reached ** piety under Elyvilon
  7650 | D:6      | Reached XP level 8. HP: 48/48 MP: 8/8
  8495 | D:4      | Reached skill level 5 in Stealth
  8568 | D:4      | Reached skill level 5 in Dodging
  8749 | D:7      | Noticed a slime creature
  8750 | D:7      | - this seems early
  8773 | D:7      | Noticed Harold
  8787 | D:6      | Killed Harold
  8788 | D:6      | Reached skill level 5 in Hexes
  8788 | D:6      | Reached XP level 9. HP: 45/52 MP: 8/11
  8903 | D:7      | Noticed Maggie
  8954 | D:7      | Found a broken altar of Ashenzari.
  8989 | D:7      | Found an ornate altar of the Wu Jian Council.
  8993 | D:7      | Noticed a spectral centipede
  9328 | D:7      | Found Abrimeuf's Assorted Antiques.
  9333 | D:7      | Bought a scroll labelled SEMAON WAAZA for 20 gold pieces
  9333 | D:7      | Bought a puce potion for 18 gold pieces
  9502 | D:7      | Noticed a slime creature
  9502 | D:7      | Noticed a slime creature
  9502 | D:7      | Noticed a slime creature
 11227 | D:8      | Reached *** piety under Elyvilon
 12550 | D:9      | Reached XP level 10. HP: 56/56 MP: 13/13
 12748 | D:9      | Reached skill level 5 in Invocations
 12878 | D:9      | Found a staircase to the Lair.
 13250 | D:9      | Reached **** piety under Elyvilon
 13639 | D:9      | Found a bloodstained altar of Trog.
 14458 | D:10     | Entered Level 10 of the Dungeon
 14491 | D:10     | Noticed a deep elf pyromancer
 14506 | D:10     | Learned a level 2 spell: Ensorcelled Hibernation
 14587 | D:10     | Found a stormy altar of Qazlal.
 14606 | D:10     | Noticed Urug
 14643 | D:10     | Found a snail-covered altar of Cheibriados.
 15316 | D:10     | - aaagh
 15599 | D:10     | Found an ancient bone altar of Kikubaaqudgha.
 15773 | D:7      | Bought a runed dagger for 100 gold pieces
 15773 | D:7      | Bought a scroll labelled UCEUNEW CAMEINT for 20 gold pieces
 15773 | D:7      | Bought a scroll labelled UCEUNEW CAMEINT for 20 gold pieces
 15934 | D:7      | Reached skill level 5 in Fighting
 16909 | D:9      | Reached XP level 11. HP: 19/64 MP: 13/15
 17304 | D:10     | Reached skill level 1 in Ice Magic
 17795 | D:11     | Noticed Snorg
 17938 | D:11     | Noticed a death knight
 18535 | Lair:1   | Entered Level 1 of the Lair of Beasts
 18653 | Lair:1   | HP: 3/64 [komodo dragon (26)]
 18966 | Lair:1   | Found a runed translucent gate.
 18966 | Lair:1   | Found a runed translucent gate.
 18966 | Lair:1   | Found a runed translucent gate.
 20039 | Lair:2   | Noticed a boulder beetle
 20347 | Lair:2   | Noticed a six-headed hydra
 20427 | Lair:3   | Noticed a seven-headed hydra
 20762 | Lair:3   | Noticed a five-headed hydra
 20763 | Lair:3   | - there are too many hydras...please remove three
 20940 | Lair:2   | Noticed an eight-headed hydra
 20943 | Lair:2   | - what did i just say
 20945 | Lair:2   | Pacified an eight-headed hydra
 21161 | Lair:2   | Found a hole to the Spider Nest.
 21232 | Lair:2   | Noticed a boulder beetle
 21308 | Lair:2   | Reached skill level 10 in Hexes
 21442 | Lair:2   | Noticed a four-headed hydra
 21502 | Lair:2   | Pacified a four-headed hydra
 21595 | Lair:2   | Found a staircase to the Swamp.
 21632 | Lair:2   | Reached XP level 12. HP: 27/70 MP: 2/18
 21863 | Lair:2   | Killed a six-headed hydra
 21864 | Lair:2   | Reached skill level 10 in Dodging
 22214 | Lair:2   | Noticed a six-headed hydra
 22241 | Lair:2   | Killed a six-headed hydra
 22816 | Lair:2   | Pacified a boulder beetle
 23140 | Lair:2   | Pacified a boulder beetle
 24050 | Lair:3   | Noticed an eight-headed hydra
 24057 | Lair:3   | Killed an eight-headed hydra
 24058 | Lair:3   | Reached skill level 10 in Short Blades
 24297 | Lair:3   | - more hydra
 24304 | Lair:3   | Pacified a seven-headed hydra
 24391 | Lair:4   | Noticed an eight-headed hydra
 24392 | Lair:4   | - of course a hydra
 24393 | Lair:4   | Killed an eight-headed hydra
 24435 | Lair:4   | Reached XP level 13. HP: 78/78 MP: 19/19
 25547 | Lair:4   | Reached skill level 1 in Spellcasting
 26554 | Lair:5   | Reached skill level 10 in Invocations
 26598 | Lair:5   | Noticed a boulder beetle
 26620 | Lair:5   | Killed a boulder beetle
 26795 | Lair:5   | Reached ***** piety under Elyvilon
 27854 | Lair:5   | Found a staircase to the Slime Pits.
 28608 | Lair:6   | Entered Level 6 of the Lair of Beasts
 28608 | Lair:6   | Noticed an eight-headed hydra
 28974 | Lair:6   | Noticed an eight-headed hydra
 28980 | Lair:6   | Pacified an eight-headed hydra
 29302 | Lair:6   | Reached XP level 14. HP: 56/86 MP: 14/23
 30492 | D:11     | Noticed Nergalle
 30565 | D:11     | Noticed Gastronok
 30635 | D:11     | - snorg here can probably kil me in one move
 30637 | D:11     | - now i'm fast but am i as fast as she
 30649 | D:11     | - thank you fast zombie
 31034 | D:12     | Found a burning altar of Makhleb.
 31673 | D:12     | Reached skill level 10 in Fighting
 31790 | D:12     | Found a staircase to the Orcish Mines.
 31794 | D:12     | Identified the +6 hunting sling "Urir" {freeze, Drain
                  | Dex+5}
 32484 | D:7      | Killed Maggie
 33038 | D:10     | Killed Urug
 33173 | D:11     | Pacified Snorg
 33249 | D:11     | Found a runed translucent door.
 33249 | D:11     | Noticed Jingleheimer's ghost (journeyman FoWr)
 33472 | D:11     | Killed Nergalle
 33882 | D:13     | Identified 2 scrolls of acquirement
 34180 | D:13     | Reached skill level 10 in Stealth
 34321 | D:13     | Identified the +0 plate armour "Riemmask" {rC- Str+3 Int+5}
 34802 | D:13     | Noticed an ironbound preserver
 34910 | D:13     | Killed an ironbound preserver
 34968 | D:13     | Found a gate to the Vaults.
 35072 | D:13     | Acquired 938 gold pieces
 36019 | Lair:6   | HP: 4/88 [harpy (9)]
 36551 | Lair:6   | Reached XP level 15. HP: 94/94 MP: 18/24
 37090 | Lair:6   | Identified the +1 ring mail "Idomeoc" {Rampage Str+3 Dex-3}
 37489 | Lair:6   | Reached skill level 5 in Ice Magic
 38156 | Lair:5   | Reached skill level 1 in Slings
 38205 | Lair:6   | Reached skill level 1 in Evocations
 39002 | Orc:1    | Entered Level 1 of the Orcish Mines
 39002 | Orc:1    | Noticed Sonja
 39003 | Orc:1    | Killed Sonja
 39079 | Orc:1    | Noticed Maurice
 39088 | Orc:1    | Killed Maurice
 39418 | Orc:2    | Entered Level 2 of the Orcish Mines
 39461 | Orc:2    | Found a staircase to the Elven Halls.
 40792 | Orc:2    | Found Uqaz's Weapon Shoppe.
 40796 | Orc:2    | Found Limeud's Distillery.
 40844 | Orc:2    | Reached skill level 5 in Slings
 40922 | Orc:2    | Found Byozxorch's Assorted Antiques.
 40923 | Orc:2    | Found Ciraguvu's Armour Shoppe.
 40943 | Orc:2    | Bought a scroll labelled INNOMA WISIEPP for 28 gold pieces
 40943 | Orc:2    | Bought a fuming clear potion for 25 gold pieces
 41299 | Orc:2    | Bought a potion of curing for 36 gold pieces
 41299 | Orc:2    | Bought a potion of invisibility for 96 gold pieces
 41329 | Orc:2    | Bought a scroll of teleportation for 84 gold pieces
 41329 | Orc:2    | Bought a scroll of fear for 98 gold pieces
 41338 | Orc:2    | Bought a +1 pair of gloves for 195 gold pieces
 41640 | Spider:1 | Entered Level 1 of the Spider Nest
 41735 | Spider:1 | Reached skill level 5 in Evocations
 41836 | Spider:1 | HP: 4/96 [redback (9)]
 41837 | Spider:1 | Succumbed to a redback's poison

Illustrated notes #..... #.J.. ... #'##### #@....# #.....# #.....# #.....# #...<.# #.....# #.....# #.....# #.....# Turn 8750 on D:7: - this seems early ###.###.#...# #.# #.### !...# #.....# ####.#######.... ##..###.#...######............### ##.....................######.# .#.##..###.#.#####............# .......# #.#.# #..<..######## ......## #.#.# ##..##.# .#.#### #.#.####...##.# .#.# #.#.......#.# ..... #.#.........# ##### #....@e.....# .$$.# ###.....)..## .$..# #.#.....## ._.$ #.##...## $$ #g###.## .$ #.# #.# #.# #.# #.# #[# #)# #.############# #####.# #.............# ......###############.# Turn 15316 on D:10: - aaagh ##....D.. ##........ ##......... #.......... ....@...... ........... ..#........ . ##....... ###..... Turn 20763 on Lair:3: - there are too many hydras...please remove three .########## ..........# ......@...# ...D......# .......#### ....?..# .......# Turn 20943 on Lair:2: - what did i just say .........# #.#...## .........# #####.....### #.......# ##.....#.....### #P......# ..###.##########.... #...##### .....###### ####. ####.#.8.. ..#.....8.## ## #...#..... ...........# ##..#8.>.. .8...+..>.8# ...##..... .....#.....## ...###.8.# ####...#.8.#.# .....#.### .D..@######### ....... .#+.S# ....... ....# ....... ....#. ...... ?... . ...... ..... .... .... .... ### Turn 24297 on Lair:3: - more hydra ##.###P. ....... ......# ......# ....@.# <......# ...D..## .....[. ......## Turn 24392 on Lair:4: - of course a hydra #..##.# #.# #... #..##.###.# ...... #..#...##p###.#..# .... ##..#...##......... #... >................... ...# W##..#....#.###.#.. ...### #..#....#.# #.# .....# #..##.#.#.# #(# .....##.##..##.#.#.# #(# .....'. ...##.#.#.# #.# .....#####.# #.#@#T# #.# ...........# #.#T#.# #.# #'########.###.#.#.# #.# #.# #........p..# #.# #.# #.#.###.#.#.# #p# #.# #.#.###.#.#.# #.# #.# # #.....#(#.# #.# #.# #####.#.#w###.#.# #.# #...w.......# #.# ###.#.####### #.# #.#.# Turn 30635 on D:11: - snorg here can probably kil me in one move #.....# #p#.#. #..##.# #.# #... #..##.###.# ...... #..#...##p###.#..# .... ##..#...##......... #... >................... ...# W##..#....#.###.#.. ...### #..#....#.# #.# .....# #..##.#.#.# #(# .....##.##..##.#.#.# #(# .....'. ...##.#@#.# #.# .....#####.# #.#T#T# #.# ...........# #.#.#.# #.# #'########.###.#p#.# #.# #.# #...........# #.# #.# #.#.###.#.#.# #p# #.# #.#.###.#.#.# #.# #.# # #.....#(#.# #.# #.# #####.#.#w###.#.# #.# #...w.......# #.# ###.#.####### Turn 30637 on D:11: - now i'm fast but am i as fast as she

#.####.######
#...........######## #####
#.####.............. #...#
#......####^....#### #...#
#.###### #.....#
########...###.## #.....#
.......'...'....#### #.#####
......##...###.....#####.########
......'..........................
......##...###.....#.###.########
......##...###..@..#.# #.########
......##...........#.###.........
......#####.###....#.#...........
......#####.# #....#.#.#.........
............# ##.###.#.#.###.####
.############ #..##.#.#.###.....
.# #.....#.#......... .#
#.....#.#.###..... .#
#................. ##
#.....#.#.###.....
###...#.#.###.....


Turn 30649 on D:11: - thank you fast zombie

Levels and vault maps discovered:
D:1:      co_arrival_random_square_maze, layout_loops_corners
D:2:      layout_basic, chequers_ecumenical_altar_simple,
          amcnicky_mini_pool_small
D:3:      layout_loops_ring, mainiacjoe_overflow_boulevard
D:4:      layout_loops_ring, minmay_temple_entry_gardened_gates
D:5:      layout_loops_ring, mainiacjoe_overflow_six_doors_small,
          nemelex_dance_club_becter, chequers_temple_overflow_statue_of_worship
D:6:      layout_loops_ring, overflow_temple_1_default, minmay_manual_macuahuitl
D:7:      layout_gridville, pdpol_wu_jian_five_deadly_venoms, kennysheep_mini,
          serial_shops, shop, uniq_harold, uniq_maggie
D:8:      layout_gridville
D:9:      minmay_general_purpose_star, layout_long_grid, trog_book,
          lair_entry_dummy
D:10:     layout_loops_ring, nicolae_qazlal_scattered_showers,
          amcnicky_altar_gilded, mainiacjoe_overflow_chevrons,
          minmay_curled_crystal, uniq_urug
D:11:     layout_basic, gammafunk_ghost_grave, uniq_gastronok, uniq_snorg,
          uniq_nergalle
D:12:     layout_loops_cross, erik_orc_4, kennysheep_nondescript, drop_trap,
          minmay_misc_feat_five, bloody_makhleb
D:13:     layout_rooms, skrybe_vaults_entry_preservation
Lair:1:   layout_cave_pods, gammafunk_ghost_cemetery
Lair:2:   nzn_winding_woodlands_cross [nzn_winding_woodlands_5x15_cabin,
          nzn_winding_woodlands_5x15_sawtooth,
          nzn_winding_woodlands_5x15_default,
          nzn_winding_woodlands_5x15_river_crossing,
          nzn_winding_woodlands_15x15_thick_spiral], layout_cave_pods,
          swamp_mist, nicolae_spider_entry_tight_spaces,
          nicolae_lair_grove_arrangements
Lair:3:   layout_cave_pods, grunt_megastairs_1
Lair:4:   layout_small_grid, beast_lair_carwin_4
Lair:5:   layout_roguey, dpeg_slime_entry_corner, minmay_holes,
          beast_lair_carwin_3, grunt_megastairs_3
Lair:6:   gammafunk_lair_ancient_temple, layout_cave_pods
Spider:1: cheibrodos_spider_silkery, nicolae_spider_twisty_arc_passages
Orc:1:    layout_diamond_mine, uniq_maurice, uniq_sonja
Orc:2:    st_orc_town, layout_diamond_mine

Skill      XL: |  1  2  3  4  5  6  7  8  9 10 11 12 13 14 15 |
---------------+----------------------------------------------+-----
Short Blades   | 1 2 3 4 5 7 8 9 10 12 | 12.0
Fighting       | 3 4 6 8 9 11 12 | 12.0
Stealth        | 2 4 6 7 11 12 | 12.0
Dodging        | 3 4 6 8 9 12 | 12.0
Hexes          | 5 7 9 10 12 | 12.0
Invocations    | 3 4 6 9 12 | 12.8
Ice Magic      | 3 4 6 |  6.0
Spellcasting   | 3 |  3.0
Slings         | 6 |  6.4
Evocations     | 5 |  5.3
Crossbows      | |  4.8

Action                   |  1- 3 |  4- 6 |  7- 9 | 10-12 | 13-15 || total
-------------------------+-------+-------+-------+-------+-------++-------
Melee: Short sword       |    92 |   154 |   434 |   576 |  1021 ||  2277
       Rapier            |       |       |       |    48 |   449 ||   497
       Dagger            |       |       |       |       |    19 ||    19
 Fire: Hand crossbow     |     7 |    10 |     9 |     2 |       ||    28
Throw: Stone             |       |    12 |     1 |     2 |       ||    15
       Dart              |       |       |       |     5 |    61 ||    66
 Cast: Tukima's Dance    |       |       |    13 |    17 |    52 ||    82
       Ensorcelled Hiber |       |       |       |    80 |   355 ||   435
Invok: Lesser Healing    |       |       |     1 |     9 |     2 ||    12
       Greater Healing   |       |       |       |     6 |     4 ||    10
       Heal Other        |       |       |       |    11 |    30 ||    41
       Purification      |       |       |       |     1 |       ||     1
Evoke: Wand              |       |       |    10 |     9 |    25 ||    44
  Use: Potion            |     1 |       |       |     1 |     6 ||     8
       Scroll            |       |       |     7 |     8 |    14 ||    29
 Stab: Sleeping          |     6 |    13 |    10 |    60 |   167 ||   256
       Distracted        |       |       |     2 |     2 |     1 ||     5
       Paralysed         |       |       |       |       |     1 ||     1
Armor: Leather armour    |    27 |    31 |   109 |   119 |    49 ||   335
       Troll leather arm |       |       |       |       |   209 ||   209
Dodge: Dodged            |    81 |    75 |   279 |   448 |  1108 ||  1991
